 Dungeon Crawl Stone Soup version 0.18.1-6-gd335043 (webtiles) character file.

27 Gargoyl the Skirmisher (level 2, -2/24 HPs)
             Began as a Demonspawn Abyssal Knight on May 19, 2016.
             Was a Follower of Lugonu.
             Slain by an adder (3 damage)
             ... on level 2 of the Dungeon.
             The game lasted 00:02:48 (1163 turns).

Gargoyl the Skirmisher (Demonspawn Abyssal Knight)  Turns: 1163, Time: 00:02:49

Health: -2/24      AC:  3    Str: 12    XL:     2   Next: 93%
Magic:  3/3        EV: 16    Int: 13    God:    Lugonu [*.....]
Gold:   22         SH:  0    Dex: 17    Spells: 0 memorised, 1 level left

rFire  . . .     SeeInvis .     a - +1 hand axe
rCold  . . .     Gourm    .     b - +0 leather armour
rNeg   . . .     Faith    .     (no shield)
rPois  .         Spirit   .     (no helmet)
rElec  .         Dismiss  .     (no cloak)
rCorr  .         Reflect  .     (no gloves)
SustAt .         Harm     .     (no boots)
MR     .....                    (no amulet)
Stlth  +++.......               (no ring)
                                (no ring)

@: agile, lethally poisoned (-2 -> -9), hasted, very quick, not resistant to
hostile enchantments, fairly stealthy
A: nightstalker 1
a: Depart the Abyss, Renounce Religion


You were on level 2 of the Dungeon.
You worshipped Lugonu.
Lugonu was aware of your devotion.
You were not hungry.

You visited 1 branch of the dungeon, and saw 2 of its levels.
You visited the Abyss 1 time.

You collected 22 gold pieces.

Inventory:

Hand Weapons
 a - a +1 hand axe (weapon)
Armour
 b - a +0 leather armour (worn)
Scrolls
 d - a scroll of identify {unknown}
 f - a scroll of fog {unknown}
 h - a scroll of fear {unknown}
 k - 3 scrolls of teleportation {unknown}
 n - a scroll of amnesia {unknown}
Miscellaneous
 g - a phantom mirror
Comestibles
 c - a bread ration
 i - a meat ration
 m - a chunk of flesh


   Skills:
 + Level 3.4 Fighting
 + Level 2.0 Axes
 + Level 2.1 Armour
 + Level 1.2 Dodging
 + Level 0.2 Stealth
 + Level 2.6 Invocations


You had one spell level left.
You didn't know any spells.

Dungeon Overview and Level Annotations

Branches:
Dungeon (2/15)

Altars:


Innate Abilities, Weirdness & Mutations

You are slightly more attuned to the shadows.


Message History

The adder bites you.
* * * LOW HITPOINT WARNING * * *
You are more poisoned.
The adder poisons you!
You barely miss the adder.
The adder is severely wounded.
* * * LOW HITPOINT WARNING * * *
You feel sick. The adder bites you but does no damage. The adder bites you.
* * * LOW HITPOINT WARNING * * *
Drink which item? (? for menu, Esc to quit)
It was a potion of agility.
You feel agile all of a sudden.
* * * LOW HITPOINT WARNING * * *
You feel sick. The adder bites you.
* * * LOW HITPOINT WARNING * * *
Drink which item? (? for menu, Esc to quit)
It was a potion of haste.
You feel yourself speed up.
* * * LOW HITPOINT WARNING * * *
You feel sick. The adder closely misses you. The adder bites you.
You die...

#... #...#
#..!# #####
#...##.....
####..........
.......#...<.
#...@S.....
.###$.........
.......##?....
####....#.###.
###..#....
#......#
###..#...#
#.........
##.#......#


You could see an adder.

Vanquished Creatures
  A dart slug (D:1)
  A giant gecko (D:2)
  A bat (D:1)
  2 giant cockroaches
  2 goblins (D:1)
  4 hobgoblins (D:1)
  2 jackals (D:1)
  A kobold (D:1)
  4 giant newts (D:1)
  4 rats
22 creatures vanquished.

Vanquished Creatures (others)
  A rat (D:1)
  2 starspawn tentacles (Abyss:2)
3 creatures vanquished.

Grand Total: 25 creatures vanquished

Notes
Turn   | Place    | Note
--------------------------------------------------------------
     0 | Abyss:1  | Gargoyl the Demonspawn Abyssal Knight began the quest for the Orb.
     0 | Abyss:1  | Reached XP level 1. HP: 18/18 MP: 2/2
    85 | Abyss:2  | Noticed a small abomination
    87 | Abyss:2  | Found a corrupted altar of Lugonu.
    89 | Abyss:2  | Noticed a tentacled starspawn
   107 | Abyss:2  | Noticed a thrashing horror
   108 | Abyss:2  | Noticed a starcursed mass
   108 | D:1      | Escaped the Abyss
   164 | D:1      | Reached skill level 1 in Dodging
   316 | D:1      | Reached * piety under Lugonu
   431 | D:1      | Gained mutation: You are slightly more attuned to the shadows. [demonic ancestry]
   431 | D:1      | Reached XP level 2. HP: 18/24 MP: 3/3
  1163 | D:2      | HP: 1/24 [poisoned by an adder]
  1163 | D:2      | Slain by an adder

Skill      XL: |  1  2 |
---------------+-------+-----
Dodging        | 1 |  1.2
Armour         | 2 |  2.1
Axes           | 2 |  2.0
Fighting       | |  3.4
Stealth        | |  0.2
Invocations    | |  2.6

Action                   || total
-------------------------++-------
Melee: Hand axe          ||    92
Invok: Depart the Abyss  ||     1
  Use: Potion            ||     3
 Stab: Sleeping          ||     6
  Eat: Chunk             ||     1
Armor: Leather armour    ||    27
Dodge: Dodged            ||    50
